 Dungeon Crawl Stone Soup version 0.31-a0-1424-g2add1c7 (webtiles) character file.

Game seed: 10636249290009722060

17522 blake the Protected (level 12, -13/172 HPs)
             Began as a Minotaur Berserker on Dec 26, 2023.
             Was a High Priest of Trog.
             Mangled by a merfolk
             ... wielding a +0 trident
              (17 damage)
             ... on level 3 of the Lair of Beasts.
             The game lasted 00:33:50 (9712 turns).

blake the Protected (Minotaur Berserker)            Turns: 9712, Time: 00:33:51

Health: -13/172    AC: 19    Str: 26    XL:     12   Next: 19%
Magic:  11/11      EV: 10    Int:  7    God:    Trog [*****.]
Gold:   625        SH:  5    Dex: 14    Spells: 11/11 levels left

rFire   + . .        j - +10 spear of the Artisans {drain, Int+3 Dex+3}
rCold   . . .        J - +0 buckler
rNeg    . . .        c - +0 plate armour
rPois   .            (helmet restricted)
rElec   .            G - +0 cloak
rCorr   .            (no gloves)
SInv    .            g - +0 pair of boots
Will    ++...        (no amulet) Stlth
                     C - ring of protection from fire
HPRegen 1.48/turn    (no ring)
MPRegen 0.12/turn

%: no passive effects
@: berserking, strong-willed, regenerating, very quick
A: horns 2, retaliatory headbutt
a: Renounce Religion, Berserk, Trog's Hand, Brothers in Arms


You were on level 3 of the Lair of Beasts.
You worshipped Trog.
Trog was extremely pleased with you.
You visited 2 branches of the dungeon, and saw 12 of its levels.

You collected 625 gold pieces.

Inventory:

Hand Weapons
 e - the +6 sling of Liqes {elec, ^Fragile rN++ Str+4 Int+2}
   (You found it on level 7 of the Dungeon)

   Str+4:     It affects your strength (+4).
   Int+2:     It affects your intelligence (+2).
   rN++:      It greatly protects you from negative energy.
   ^Fragile:  It will be destroyed if unequipped.
 j - the +10 spear of the Artisans (weapon) {drain, Int+3 Dex+3}
   (You found it on level 2 of the Dungeon)

   Int+3:     It affects your intelligence (+3).
   Dex+3:     It affects your dexterity (+3).
Missiles
 d - 35 poisoned darts (quivered)
 r - 2 throwing nets
Armour
 c - a +0 plate armour (worn)
 g - a +0 pair of boots (worn)
 E - a +0 chain mail
 G - a +0 cloak (worn)
 I - a +0 ring mail of fire resistance
 J - a +0 buckler (worn)
Jewellery
 a - an amulet of magic regeneration
 C - a ring of protection from fire (left hand)
Wands
 n - a wand of roots (19)
 s - a wand of charming (10)
 K - a wand of mindburst (7)
Scrolls
 f - 6 scrolls of vulnerability {unknown}
 i - a scroll of torment {unknown}
 k - 5 scrolls of immolation
 l - 3 scrolls of enchant weapon {unknown}
 o - a scroll of silence
 p - a scroll of revelation
 q - 2 scrolls of brand weapon
 v - 3 scrolls of noise {unknown}
 x - 5 scrolls of teleportation {unknown}
 y - 4 scrolls of fear {unknown}
 A - 2 scrolls of blinking {unknown}
 F - 3 scrolls of identify
 H - 2 scrolls of enchant armour {unknown}
Potions
 b - a potion of cancellation {unknown}
 h - 4 potions of curing
 m - a potion of might {unknown}
 t - a potion of lignification {unknown}
 u - 3 potions of brilliance {unknown}
 w - 4 potions of haste {unknown}
 z - a potion of berserk rage {unknown}
 B - 2 potions of resistance {unknown}
 D - a potion of heal wounds {unknown}


   Skills:
 + Level 13.3 Fighting
 - Level 12.0 Polearms
 + Level 3.7 Throwing
 + Level 14.1 Armour
 + Level 6.0 Dodging
 - Level 2.0 Stealth
 * Level 4.3 Shields


You had 11 spell levels left.
You didn't know any spells.
Your spell library was empty.

Dungeon Overview and Level Annotations

Branches:
Dungeon (9/15)             Temple (0/1) D:5            Lair (3/5) D:9
    Orc (0/2) D:9
  Swamp: Lair:2-3    Shoals: Lair:2-3     Snake: Lair:2-3    Spider: Lair:2-3

Altars:
Ashenzari
Elyvilon
Makhleb
Nemelex Xobeh
Okawaru
Sif Muna
Trog
Uskayaw
Xom
Yredelemnul
Zin

Annotations:
D:4 2 runed translucent doors, Taxman1966's ghost, amateur OnGl
D:7 1 runed translucent door, wqsa789's ghost, novice HuFi
Lair:1 exclusion: 3 oklob plants
Lair:3 Gastronok


Innate Abilities, Weirdness & Mutations

You have a pair of horns on your head.
You reflexively headbutt those who attack you in melee.


Message History

Level annotation: Gastronok Welcome back, blake the Minotaur Berserker.
Trog says: Kill them all!
Press ? for a list of commands and other information.
Okay, then.
Unknown command.
You feel better. You block the water nymph's attack.
The merfolk hits you but does no damage.
A red film seems to cover your vision as you go berserk!
You feel yourself moving faster!
You feel mighty! The water nymph casts a spell at you.
The water swirls and strikes you!!
* * * LOW HITPOINT WARNING * * *
The merfolk hits you but does no damage.
You impale the water nymph!!
The water nymph is heavily wounded.
Your unstable footing causes you to fumble your attack.
The water nymph points at you and mumbles some strange words.
The water swirls and strikes you!!
* * * LOW HITPOINT WARNING * * *
Your unstable footing causes you to fumble your attack.
The merfolk hits you from afar with a +0 trident.
* * * LOW HITPOINT WARNING * * *
You are too berserk!
Your unstable footing causes you to fumble your attack.
You hit the water nymph. You drain the water nymph.
The water nymph is severely wounded.
The water nymph barely misses you. You furiously retaliate!
You headbutt the water nymph!
You kill the water nymph!
Trog accepts your kill.
Trog appreciates your killing of a magic user.
You are too injured to fight recklessly!
Unknown command.
Reach: j) +10 spear of the Artisans {drain, Int+3 Dex+3}
Press: ? - help, Dir - move target, f - merfolk
Aim: a merfolk, wielding a +0 trident and quivering boomerangs (about 27% to evade the +10 spear of the Artisans)
You reach to attack!
You closely miss the merfolk.
The merfolk hits you from afar with a +0 trident!
You die...

######## ####..$##P##
######### ##..........#
##.#...P.#
........@..#####.#.......
....~.m##...##.#.......!.
....~.~ #...............P
...#~~~ ###.##.##........
..#.~~~ #.#####........
...~~~~ ..# ##.....†.
..##~.~ #... ##...#†#
...#.#~~~##~.# #####.. #
....###~.##..# ###†.


You could see a merfolk.

Vanquished Creatures
  3 two-headed ogres
  A lindwurm (Lair:3)
  A black mamba (Lair:1)
  Joseph (D:8)
  3 elephants (Lair:1)
  A water nymph (Lair:3)
  8 cane toads
  A torpor snail (Lair:1)
  A rime drake (Lair:2)
  4 komodo dragons (Lair:1)
  2 polar bears
  8 blink frogs
  A vampire (D:9)
  8 yaks
  2 wyverns
  4 basilisks
  A golden eye (Lair:1)
  A steam dragon (Lair:1)
  5 nagas (Lair:2)
  7 water moccasins
  An ice beast (D:6)
  A sky beast (D:8)
  7 black bears
  7 wolves
  A centaur (D:9)
  A phantom (D:4)
  A weeping skull (D:4)
  A kobold brigand (D:9)
  10 bullfrogs
  3 scorpions
  8 wights (D:7)
  An electric eel (Lair:1)
  3 howler monkeys (D:8)
  4 jellies
  2 hounds
  4 orc priests (D:8)
  A bombardier beetle (D:7)
  4 sleepcaps
  2 gnoll boudas
  2 iguanas
  5 orc wizards
  12 gnolls
  8 adders
  A white imp (D:5)
  2 dart slugs
  24 orcs
  5 ball pythons
  12 endoplasms
  3 giant cockroaches
  9 goblins
  8 hobgoblins
  3 jackals (D:2)
  9 kobolds
  4 quokkas
  6 bats
  3 frilled lizards
  7 rats
  A spectral orc (D:4)
249 creatures vanquished.

Notes
Turn   | Place    | Note
-------+----------+-------------------------------------------
     0 | D:1      | blake the Minotaur Berserker began the quest for the Orb.
     0 | D:1      | Reached XP level 1. HP: 19/19 MP: 0/0
   222 | D:1      | Reached XP level 2. HP: 27/27 MP: 1/1
  1100 | D:2      | Reached ** piety under Trog
  1135 | D:2      | Reached XP level 3. HP: 33/33 MP: 2/2
  1176 | D:2      | Identified the +10 spear of the Artisans {drain, Int+3
                  | Dex+3}
  1422 | D:2      | Reached skill level 3 in Armour
  1738 | D:2      | Found a faded altar of an unknown god.
  1989 | D:3      | Reached XP level 4. HP: 37/41 MP: 3/3
  2378 | D:3      | Found a bloodstained altar of Trog.
  2400 | D:3      | You fall into a shaft and drop 2 floors!
  2400 | D:5      | Entered Level 5 of the Dungeon
  2406 | D:4      | Noticed a water moccasin
  2430 | D:5      | Reached skill level 5 in Polearms
  2430 | D:5      | Reached skill level 4 in Armour
  2442 | D:5      | Noticed a black bear
  2451 | D:5      | Reached XP level 5. HP: 47/47 MP: 4/4
  2457 | D:5      | Killed a black bear
  2545 | D:5      | Reached XP level 6. HP: 53/53 MP: 5/5
  2549 | D:5      | Found a shimmering altar of Xom.
  2572 | D:5      | Found a staircase to the Ecumenical Temple.
  2580 | D:5      | Reached *** piety under Trog
  2586 | D:5      | Reached skill level 5 in Armour
  2742 | D:5      | Reached skill level 5 in Fighting
  2742 | D:5      | Reached XP level 7. HP: 61/61 MP: 6/6
  2796 | D:5      | Reached skill level 6 in Armour
  2897 | D:4      | Found a runed translucent door.
  2900 | D:4      | Noticed Taxman1966's ghost (amateur OnGl)
  3045 | D:4      | Found a hide-covered altar of Uskayaw.
  3166 | D:4      | Found a burning altar of Makhleb.
  3166 | D:4      | Found a glowing silver altar of Zin.
  3167 | D:4      | Noticed an angel
  3167 | D:4      | Noticed a blizzard demon
  3270 | D:4      | Found a runed translucent door.
  3530 | D:4      | Found a basalt altar of Yredelemnul.
  3538 | D:4      | Reached **** piety under Trog
  3547 | D:4      | Reached XP level 8. HP: 69/70 MP: 7/7
  4004 | D:5      | Found an iron altar of Okawaru.
  4005 | D:5      | Found a sparkling altar of Nemelex Xobeh.
  4323 | D:6      | Reached skill level 7 in Armour
  4514 | D:6      | Reached skill level 1 in Stealth
  5134 | D:7      | Reached skill level 10 in Polearms
  5353 | D:7      | Reached XP level 9. HP: 78/78 MP: 8/8
  5438 | D:7      | Identified the +6 sling of Liqes {elec, ^Fragile rN++ Str+4
                  | Int+2}
  5482 | D:7      | Found a runed translucent door.
  5482 | D:7      | Noticed wqsa789's ghost (novice HuFi)
  5507 | D:7      | Found a white marble altar of Elyvilon.
  6255 | D:8      | Reached skill level 8 in Armour
  6308 | D:8      | Found a broken altar of Ashenzari.
  6317 | D:8      | Noticed a two-headed ogre
  6432 | D:8      | Noticed Joseph
  6445 | D:8      | Killed Joseph
  6446 | D:8      | Reached skill level 1 in Throwing
  6691 | D:8      | Killed a two-headed ogre
  6692 | D:8      | Reached skill level 9 in Armour
  6947 | D:9      | Found a staircase to the Orcish Mines.
  7025 | D:9      | Reached XP level 10. HP: 62/90 MP: 9/9
  7306 | D:9      | Reached ***** piety under Trog
  7379 | D:9      | Found a staircase to the Lair.
  7599 | D:9      | Noticed a two-headed ogre
  7608 | D:9      | Killed a two-headed ogre
  7609 | D:9      | Reached skill level 10 in Armour
  7721 | D:9      | Found a shimmering blue altar of Sif Muna.
  7804 | D:9      | Noticed a two-headed ogre
  7812 | D:9      | Killed a two-headed ogre
  7813 | D:9      | Reached skill level 10 in Fighting
  7884 | Lair:1   | Entered Level 1 of the Lair of Beasts
  7971 | Lair:1   | Noticed an oklob plant
  8020 | Lair:1   | Reached skill level 11 in Armour
  8155 | Lair:1   | Noticed a black mamba
  8164 | Lair:1   | Killed a black mamba
  8165 | Lair:1   | Reached skill level 5 in Dodging
  8165 | Lair:1   | Reached XP level 11. HP: 97/102 MP: 10/10
  8258 | Lair:1   | Noticed an oklob plant
  8369 | Lair:1   | Reached skill level 12 in Armour
  8847 | Lair:1   | Noticed an oklob plant
  9033 | Lair:2   | Reached skill level 1 in Shields
  9050 | Lair:2   | Reached skill level 13 in Armour
  9504 | Lair:2   | Reached XP level 12. HP: 115/115 MP: 11/11
  9528 | Lair:2   | You fall into a shaft and drop 1 floor!
  9536 | Lair:3   | Noticed Gastronok
  9669 | Lair:3   | Reached skill level 14 in Armour
  9705 | Lair:3   | Upgraded the game from 0.31-a0-1422-gc82a368 to
                  | 0.31-a0-1424-g2add1c7
  9708 | Lair:3   | HP: 6/172 [water nymph/the raging water (22)]
  9712 | Lair:3   | Mangled by a merfolk

Illustrated notes

Levels and vault maps discovered:
D:1:      nicolae_arrival_washed_ashore, layout_basic
D:2:      layout_loops_ring, shapermc_ecumenical_altar_mp_vishouse
D:3:      layout_loops_ring, amcnicky_altar_gilded, minmay_puff
D:4:      layout_loops_cross, grunt_temple_overflow_order_and_chaos_2,
          lemuel_doored_altar, yredelemnul_forgotten_temple_becter,
          ebering_ghost_sewer_f
D:5:      layout_basic, dk_xom_monty_hall, nicolae_overflow_hidden_temple,
          minmay_temple_entry_overgrown
D:6:      layout_loops_ring
D:7:      layout_layer_cave, mainiacjoe_overflow_alcove_1,
          gammafunk_ghost_grave, enter_bailey_2
D:8:      layout_basic, nicolae_ashenzari_skybound, uniq_joseph
D:9:      layout_irregular_city, nicolae_sif_muna_little_library,
          minmay_lair_entry_grove
Lair:1:   layout_cellular_growth, st_stairs_11, disabler_island,
          infiniplex_staircase_pool_2, serial_bayou_shore_a
Lair:2:   layout_roguey, minmay_snake_entry_guardpost_medium, grunt_megastairs_2
Lair:3:   layout_roguey, nicolae_shoals_entry_flooding, serial_bayou,
          serial_bayou_lake_a, serial_bayou_pond_d, serial_bayou_lagoon_a,
          serial_bayou_pond_b, uniq_gastronok

Skill      XL: |  1  2  3  4  5  6  7  8  9 10 11 12 |
---------------+-------------------------------------+-----
Fighting       | 4 5 6 8 11 13 | 13.3
Polearms       | 4 5 6 8 10 12 | 12.0
Armour         | 3 4 5 6 7 9 11 13 14 | 14.1
Dodging        | 3 4 5 6 |  6.0
Stealth        | 1 2 |  2.0
Throwing       | 1 2 3 |  3.7
Shields        | 3 4 |  4.3

Action                     |  1- 3 |  4- 6 |  7- 9 | 10-12 || total
---------------------------+-------+-------+-------+-------++-------
  Melee: Spear             |   112 |    71 |   239 |   315 ||   737
         Headbutt          |     7 |     8 |    26 |    54 ||    95
         Punch             |       |       |     1 |     1 ||     2
  Throw: Dart              |       |       |     5 |     7 ||    12
 Invoke: Berserk           |       |     1 |     1 |     2 ||     4
         Trog's Hand       |       |     1 |       |     1 ||     2
    Use: Scroll            |       |       |     7 |       ||     7
         Potion            |       |       |       |     1 ||     1
 Armour: Scale mail        |    33 |    26 |    65 |       ||   124
         Chain mail        |       |       |    11 |    40 ||    51
         Plate armour      |       |       |       |    81 ||    81
  Dodge: Dodged            |    34 |    30 |    51 |    67 ||   182
  Block: Buckler           |       |       |       |    18 ||    18

Table legend: (Time is in decaauts)
 A = Elapsed time spent in this place.
 B = Non-inter-level travel time spent in this place.
 C = Inter-level travel time spent in this place.
 D = Time resting spent in this place.
 E = Time spent auto-exploring this place.
 F = Levels seen in this place.
 G = Mean time per level.
                   A        B        C        D        E       F      G
               +--------+--------+--------+--------+--------+-----+--------+
         Total |   9485 |   9124 |    361 |     39 |   7615 |  12 |  790.4 |
       Dungeon |   7766 |   7443 |    323 |     25 |   6427 |   9 |  862.9 |
          Lair |   1718 |   1681 |     37 |     13 |   1188 |   3 |  572.7 |
               +--------+--------+--------+--------+--------+-----+--------+

Top non-repeatable levels by time:
     D:7: 1334 daAuts
     D:1: 1071 daAuts
  Lair:1: 1071 daAuts
     D:9: 920 daAuts
     D:4: 885 daAuts
     D:3: 832 daAuts
     D:6: 759 daAuts
     D:8: 705 daAuts
     D:2: 672 daAuts
     D:5: 584 daAuts
  Lair:2: 568 daAuts
  Lair:3: 79 daAuts
